 Dungeon Crawl Stone Soup version 0.25.1-2-g60ff931df9 (webtiles) character file.

Game seed: 1250998565503593977

21807 hawla the Cruncher (level 12, -7/159 HPs)
             Began as a Minotaur Gladiator on Nov 1, 2020.
             Was an Initiate of Gozag.
             Mangled by a hog (11 damage)
             ... led by Kirke
             ... on level 11 of the Dungeon.
             The game lasted 00:28:49 (11191 turns).

hawla the Cruncher (Minotaur Gladiator)            Turns: 11191, Time: 00:28:52

Health: -7/159     AC:  0    Str: 24    XL:     12   Next: 57%
Magic:  11/11      EV: 21    Int:  5    God:    Gozag
Gold:   2164       SH:  0    Dex: 12    Spells: 11/11 levels left

rFire    . . .     SeeInvis .   (weapon currently unavailable)
rCold    . . .     Gourm    .   (shield currently unavailable)
rNeg     . . .     Faith    .   (armour currently unavailable)
rPois    .         Spirit   .   (helmet currently unavailable)
rElec    .         Reflect  .   (cloak currently unavailable)
rCorr    .         Harm     .   (gloves currently unavailable)
MR       .....                  (boots currently unavailable)
Stlth    ..........             h - amulet of regeneration
HPRegen  0.76/turn              (ring currently unavailable)
MPRegen  0.12/turn              (ring currently unavailable)

@: mighty, berserking, pig-form, very quick
A: small, (retaliatory headbutt)
a: Potion Petition, Call Merchant, Bribe Branch, Renounce Religion


You were on level 11 of the Dungeon.
You worshipped Gozag.
Gozag was most pleased with you.
You were not hungry.
You were a filthy swine.
You visited 2 branches of the dungeon, and saw 13 of its levels.

You collected 2341 gold pieces.
You spent 100 gold pieces at shops.
You paid 77 gold pieces to Gozag.

Inventory:

Hand Weapons
 a - the +7 quarterstaff "Hellblazer" (melded) {flame, *Noise +Rage Int+2 Dex+4}
   (You found it on level 4 of the Dungeon)

   It has been specially enchanted to burn those struck by it, causing extra
   injury to most foes and up to half again as much damage against particularly
   susceptible opponents.
   It affects your intelligence (+2).
   It affects your dexterity (+4).
   It lets you go berserk.
   It may make noises in combat.
 v - a +0 scimitar
Missiles
 d - 4 throwing nets
 y - 40 poisoned darts (quivered)
 F - 3 boomerangs
 G - 3 curare-tipped darts
Armour
 b - a +0 pair of boots (melded)
 c - a +1 hat (melded)
 g - a +2 scale mail of fire resistance (melded)
 u - a +0 pair of gloves (melded)
 E - a +2 cloak (melded)
Jewellery
 h - an amulet of regeneration (around neck)
 A - a ring of resist corrosion (melded)
 B - an uncursed amulet of the acrobat
 H - a ring of protection from magic (melded)
 K - an uncursed amulet of guardian spirit
 N - an uncursed amulet of magic regeneration
Wands
 t - a wand of acid (6)
 w - a wand of flame (17)
 z - a wand of enslavement (6)
 C - a wand of clouds (4)
 D - a wand of paralysis (10)
Scrolls
 i - 4 scrolls of enchant armour
 m - 6 scrolls of identify
 p - 3 scrolls of magic mapping
 s - 7 scrolls of teleportation
 I - a scroll of fear {unknown}
 J - a scroll of amnesia {unknown}
 L - a scroll of remove curse
 O - a scroll of enchant weapon {unknown}
Potions
 e - 4 potions of might
 j - a potion of berserk rage
 k - a potion of flight
 l - 3 potions of heal wounds {unknown}
 n - 4 potions of lignification {unknown}
 o - a potion of magic
 q - 4 potions of invisibility {unknown}
 r - 2 potions of brilliance {unknown}
 x - a potion of curing
Miscellaneous
 M - a phantom mirror
Comestibles
 f - 32 rations


   Skills:
 + Level 9.9 Fighting
 + Level 8.4 Long Blades
 + Level 13.9 Staves
 + Level 5.5 Throwing
 + Level 9.6 Armour
 * Level 11.2 Dodging
 + Level 3.0 Stealth
 * Level 0.9 Evocations


You had 11 spell levels left.
You didn't know any spells.
Your spell library was empty.

Dungeon Overview and Level Annotations

Branches:
Dungeon (12/15)            Temple (1/1) D:6            Lair (0/6) D:10
    Orc (0/2) D:9

Altars:
Elyvilon
Fedhas
Gozag
Hepliaklqana
Makhleb
Nemelex Xobeh
Qazlal
Trog
Uskayaw
Vehumet
Zin
The Shining One

Shops:
D:8 *

Annotations:
D:7 2 transporters
D:11 Kirke


Innate Abilities, Weirdness & Mutations

((You reflexively headbutt those who attack you in melee.))
((You have a pair of horns on your head.))


Message History

It was a potion of might.
You feel very mighty all of a sudden. The hog misses you.
The hog closely misses you. Kirke hits you!!
* * * LOW HITPOINT WARNING * * *
The hog bites you!
* * * LOW HITPOINT WARNING * * *
The hog completely misses you.
Okay, then.
You feel better. The hog bites you!
* * * LOW HITPOINT WARNING * * *
The hog completely misses you. Kirke closely misses you.
The hog closely misses you. x2
It was a potion of berserk rage.
A red film seems to cover your vision as you go berserk!
You feel yourself moving faster!
You feel mighty! The hog closely misses you. The hog barely misses you.
Kirke hits you.
* * * LOW HITPOINT WARNING * * *
The hog bites you!
You die...
Your body crumbles into a pile of gold.

..#......# #.###
#....# ###......#
#..## #....#
#.#......#
##...#####....#
#.##.#####
##)............#
..#..#
##..#...........#
..#.##
##..##..)..###...#
....####
###...###..<.# ##..#
#......#######..hh.#
#....# ##.#
#####......##...h..#
#....## #.#
######.....h@.##
#.....####.#
##.......#
#......##..#
#.......#
##.....##..'
#......##
#.......... ##.....#
#.......### #.>...#
#.......### ##...##
#........# ###..#
#.......##


You could see Kirke and 3 hogs.

Vanquished Creatures
  3 centaur warriors
  2 hydras (D:11)
  4 two-headed ogres
  A tengu warrior (D:11)
  Nergalle (D:12)
  A cyclops (D:11)
  2 ugly things (D:11)
  A gargoyle (D:12)
  A water nymph (shapeshifter) (D:11)
  A queen bee (D:11)
  3 trolls
  A hornet (D:8)
  3 slime creatures (D:8)
  A hippogriff (D:11)
  Sigmund (D:7)
  A water elemental (D:11)
  4 yaks
  A human (D:7)
  3 hogs (D:7)
  2 wyverns
  Edmund (D:7)
  3 water moccasins
  Duvessa (D:5)
  3 porcupines (D:10)
  2 orc warriors
  4 black bears (D:10)
  2 sky beasts
  3 ice beasts
  3 phantoms
  2 necrophages
  2 eyes of draining (D:6)
  5 ogres
  9 centaurs
  2 crocodiles
  2 big kobolds
  12 bullfrogs
  A gnoll sergeant (D:7)
  Dowan (D:5)
  A wyvern skeleton (D:9)
  2 scorpions
  35 killer bees
  2 electric eels (D:12)
  2 howler monkeys (D:8)
  8 crimson imps
  A bullfrog zombie (D:5)
  2 centaur zombies
  4 quasits
  Crazy Yiuf (D:5)
  5 hounds
  2 jellies (D:11)
  5 orc priests
  A bullfrog skeleton (D:12)
  5 centaur skeletons
  Jessica (D:2)
  8 iguanas
  6 orc wizards
  5 worker ants
  2 hound zombies
  2 hound skeletons
  2 worker ant zombies
  6 gnolls
  13 adders
  A shadow imp (D:7)
  An ooze (D:4)
  3 worms
  5 dart slugs
  8 leopard geckos
  26 orcs
  A ball python (D:4)
  4 bats (D:2)
  6 giant cockroaches
  7 goblins
  6 hobgoblins
  7 jackals (D:1)
  7 quokkas
  9 frilled lizards
  11 kobolds
  A leopard gecko zombie (D:7)
  A quokka skeleton (D:5)
  9 rats
329 creatures vanquished.

Vanquished Creatures (others)
  A sky beast (D:6)
  26 fungi (D:10)
  9 plants
36 creatures vanquished.

Grand Total: 365 creatures vanquished

Notes
Turn   | Place    | Note
-------+----------+-------------------------------------------
     0 | D:1      | hawla the Minotaur Gladiator began the quest for the Orb.
     0 | D:1      | Reached XP level 1. HP: 18/18 MP: 0/0
   208 | D:1      | Reached XP level 2. HP: 23/25 MP: 1/1
   525 | D:1      | Reached XP level 3. HP: 29/30 MP: 2/2
   887 | D:2      | Found a hazy altar of Hepliaklqana.
  1134 | D:2      | Reached XP level 4. HP: 37/37 MP: 3/3
  1188 | D:2      | Reached skill level 1 in Armour
  1425 | D:2      | Noticed Jessica
  1432 | D:2      | Killed Jessica
  1432 | D:2      | Reached skill level 5 in Long Blades
  1873 | D:3      | Reached XP level 5. HP: 44/44 MP: 4/4
  2624 | D:3      | Found a stormy altar of Qazlal.
  2792 | D:4      | Reached XP level 6. HP: 46/50 MP: 5/5
  2945 | D:4      | Found a burning altar of Makhleb.
  2945 | D:4      | Noticed a cacodemon
  3075 | D:4      | Got a slimy quarterstaff
  3076 | D:4      | Identified the +7 quarterstaff "Hellblazer" {flame, *Noise
                  | +Rage Int+2 Dex+4} (You found it on level 4 of the Dungeon)
  3497 | D:5      | Entered Level 5 of the Dungeon
  3756 | D:5      | Noticed Duvessa
  3757 | D:5      | Noticed Dowan
  3766 | D:5      | Killed Duvessa
  3766 | D:5      | Reached XP level 7. HP: 57/57 MP: 6/6
  3772 | D:5      | Killed Dowan
  3772 | D:5      | Reached skill level 5 in Dodging
  4357 | D:5      | Found a runed translucent door.
  4358 | D:5      | Noticed Crazy Yiuf
  4362 | D:5      | Killed Crazy Yiuf
  4477 | D:6      | Reached skill level 1 in Staves
  4570 | D:6      | Found a hide-covered altar of Uskayaw.
  4571 | D:6      | Noticed a -1 hand axe
  4571 | D:6      | Noticed a +0 hand axe
  4647 | D:6      | Reached XP level 8. HP: 66/66 MP: 7/7
  4676 | D:6      | Found a staircase to the Ecumenical Temple.
  4680 | D:6      | Reached skill level 2 in Staves
  4700 | D:6      | Reached skill level 3 in Staves
  4710 | D:6      | Reached skill level 5 in Armour
  4710 | D:6      | Reached skill level 1 in Stealth
  4744 | Temple   | Entered the Ecumenical Temple
  4762 | Temple   | Became a worshipper of Gozag Ym Sagoz the Greedy
  4822 | D:6      | Reached skill level 4 in Staves
  5394 | D:6      | Reached skill level 5 in Staves
  5426 | D:6      | Reached skill level 6 in Staves
  5426 | D:6      | Reached XP level 9. HP: 72/72 MP: 8/8
  5454 | D:6      | Found a bloodstained altar of Trog.
  5461 | D:6      | Reached skill level 5 in Fighting
  5680 | D:7      | Noticed Edmund
  5680 | D:7      | Noticed Sigmund
  5695 | D:7      | Killed Edmund
  5724 | D:7      | Killed Sigmund
  5724 | D:7      | Reached skill level 7 in Staves
  5779 | D:7      | Found a sparkling altar of Nemelex Xobeh.
  5868 | D:7      | Reached skill level 8 in Staves
  6153 | D:7      | Reached XP level 10. HP: 73/83 MP: 9/9
  6265 | D:7      | Found a transporter.
  6265 | D:7      | Found a transporter.
  6427 | D:7      | Found a glowing golden altar of the Shining One.
  6712 | D:8      | Reached skill level 9 in Staves
  6716 | D:8      | Noticed a centaur warrior
  6824 | D:8      | Killed a centaur warrior
  6841 | D:8      | Reached skill level 10 in Staves
  7000 | D:8      | Found a glowing silver altar of Zin.
  7248 | D:8      | Found Vepnaic's Assorted Antiques.
  7263 | D:8      | Bought a glass wand for 100 gold pieces
  7924 | D:9      | Found a staircase to the Orcish Mines.
  7937 | D:9      | Reached skill level 11 in Staves
  8362 | D:10     | Entered Level 10 of the Dungeon
  8368 | D:10     | Found a hide-covered altar of Uskayaw.
  8422 | D:10     | Noticed a two-headed ogre
  8430 | D:10     | Killed a two-headed ogre
  8430 | D:10     | Reached XP level 11. HP: 59/93 MP: 10/10
  8554 | D:10     | Found a staircase to the Lair.
  8666 | D:10     | Noticed a two-headed ogre
  8672 | D:10     | Killed a two-headed ogre
  8672 | D:10     | Reached skill level 12 in Staves
  9216 | D:11     | Noticed a two-headed ogre
  9223 | D:11     | Noticed a centaur warrior
  9227 | D:11     | Killed a two-headed ogre
  9233 | D:11     | Noticed a tengu warrior
  9239 | D:11     | Killed a centaur warrior
  9239 | D:11     | Reached skill level 5 in Throwing
  9259 | D:11     | Killed a tengu warrior
  9259 | D:11     | Reached skill level 10 in Dodging
  9355 | D:11     | Noticed a six-headed hydra
  9364 | D:11     | Killed a six-headed hydra
  9368 | D:11     | Noticed an eight-headed hydra
  9381 | D:11     | Killed an eight-headed hydra
  9391 | D:11     | Found a blossoming altar of Fedhas.
  9449 | D:11     | Reached XP level 12. HP: 104/104 MP: 11/11
  9730 | D:11     | Reached skill level 13 in Staves
 10002 | D:11     | Noticed a two-headed ogre
 10009 | D:11     | Killed a two-headed ogre
 10102 | D:11     | Noticed a centaur warrior
 10112 | D:11     | Killed a centaur warrior
 10813 | D:12     | Found a burning altar of Makhleb.
 11116 | D:12     | Noticed Nergalle
 11141 | D:12     | Killed Nergalle
 11174 | D:12     | Noticed Kirke
 11189 | D:11     | HP: 3/106 [hog[Kirke] (7)]
 11191 | D:11     | Mangled by a hog

Illustrated notes

Levels and vault maps discovered:
D:1:      mrwooster_arrival_statue_2, layout_basic
D:2:      layout_loops_corners, lemuel_doored_altar, kennysheep_crisscross,
          uniq_jessica
D:3:      layout_rooms, lemuel_coloured_pillars_altar, first_ration
D:4:      layout_basic, makhleb_altar_promises_db
D:5:      layout_loops_corners, item_on_display_b, uniq_crazy_yiuf_cottage,
          uniq_duvessa
D:6:      layout_loops_corners, dancing_weapons_uskayaw, trog_eyes_of_draining,
          minmay_temple_entry_offerings, corner_web_ring
D:7:      layout_basic, tso_altar, overflow_temple_1_default,
          gammafunk_ghost_gnarly_gnolls, grunt_livestock,
          hangedman_decor_clover_reticule, sigmund_edmund_badplayer
D:8:      layout_rooms, basic_altar, serial_shops, shop,
          minmay_misc_feat_secret_circle
D:9:      layout_layer_cave, orc_0_dummy, serial_rivers,
          chequers_serial_rivers_micro_b, chequers_serial_rivers_large_a,
          chequers_serial_rivers_micro_b, chequers_serial_rivers_small_a
D:10:     layout_loops_ring, due_lair_maze_entry_diamond, basic_altar
D:11:     minmay_the_grid_triangle_9x9_rhombus_full_mashed
          [minmay_the_grid_triangle_9x9_wacky_v,
          minmay_the_grid_triangle_9x9_shrine,
          minmay_the_grid_triangle_9x9_corrupted_corridor,
          minmay_the_grid_triangle_9x9_dagger,
          minmay_the_grid_triangle_9x9_limited_checkers,
          minmay_the_grid_triangle_9x9_descending_squares,
          minmay_the_grid_triangle_9x9_alien,
          minmay_the_grid_triangle_9x9_prize_insulated], layout_cave_pods,
          special_room [special_room_bee]
D:12:     layout_basic, basic_altar, uniq_kirke, uniq_nergalle
Temple:   regret_index_temple_sphere_string

Skill      XL: |  1  2  3  4  5  6  7  8  9 10 11 12 |
---------------+-------------------------------------+-----
Dodging        | 4 5 6 8 9 10 11 | 11.2
Long Blades    | 4 5 6 7 8 |  8.4
Armour         | 1 2 3 4 5 6 7 8 9 |  9.6
Fighting       | 3 4 5 7 9 |  9.9
Staves         | 1 6 8 11 12 13 | 13.9
Stealth        | 1 2 3 |  3.0
Throwing       | 4 5 |  5.5
Evocations     | |  0.9

Action                   |  1- 3 |  4- 6 |  7- 9 | 10-12 || total
-------------------------+-------+-------+-------+-------++-------
Melee: Long sword        |    57 |   109 |       |       ||   166
       Headbutt          |     7 |    29 |    41 |    93 ||   170
       Scimitar          |       |    12 |       |       ||    12
       Quarterstaff      |       |    10 |   150 |   485 ||   645
       Unarmed           |       |     7 |     5 |     3 ||    15
Throw: Throwing net      |       |     4 |     1 |       ||     5
       Dart              |       |       |    20 |    27 ||    47
Evoke: Wand              |       |       |     1 |       ||     1
  Use: Scroll            |     1 |     7 |     2 |     6 ||    16
       Potion            |       |       |       |     4 ||     4
 Stab: Distracted        |       |       |     1 |     3 ||     4
       Sleeping          |       |       |       |     1 ||     1
  Eat: Chunk             |     1 |     6 |     3 |       ||    10
       Ration            |       |     1 |     2 |     4 ||     7
Armor: Scale mail        |    28 |     7 |       |   146 ||   181
       Ring mail         |       |    23 |    62 |    13 ||    98
       Skin              |       |     1 |       |       ||     1
Dodge: Dodged            |    45 |    99 |   102 |   441 ||   687
       Rpst.: Long sword |    12 |    19 |       |       ||    31
       Scimitar          |       |     2 |       |       ||     2
